 Dungeon Crawl Stone Soup version 0.30-a0-639-g3916f1956a (webtiles) character file.

Game seed: 14893845212881290822

238 timneilson the Slasher (level 5, -2/41 HPs)
             Began as a Demonspawn Gladiator on Jan 16, 2023.
             Killed by divine providence
             ... invoked by an orc priest
              (15 damage)
             ... on level 4 of the Dungeon.
             The game lasted 00:04:04 (2185 turns).

timneilson the Slasher (Demonspawn Gladiator)       Turns: 2185, Time: 00:04:04

Health: -2/41      AC: 15    Str: 17    XL:     5   Next: 78%
Magic:  5/5        EV:  8    Int:  9    God:
Gold:   116        SH:  0    Dex: 16    Spells: 4/4 levels left

rFire   + . .      SeeInvis .    a - +0 long sword (drain)
rCold   . . .      Faith    .    (no shield)
rNeg    . . .      Spirit   .    r - +2 chain mail {rF+}
rPois   .          Reflect  .    c - +0 helmet
rElec   .          Harm     .    q - +1 cloak
rCorr   .          Rampage  .    (no gloves)
Will    .....                    g - +0 pair of boots Stlth
                                 (no amulet)
HPRegen 0.26/turn                (no ring)
MPRegen 0.09/turn                (no ring)

@: no status effects
A: thin skeletal structure 1, weakness stinger 2
a: no special abilities


You were on level 4 of the Dungeon.
You visited 1 branch of the dungeon, and saw 4 of its levels.

You collected 116 gold pieces.

Inventory:

Hand Weapons
 a - a +0 long sword of draining (weapon)
Missiles
 d - 3 throwing nets (quivered)
 e - a javelin
Armour
 c - a +0 helmet (worn)
 g - a +0 pair of boots (worn)
 q - a +1 cloak (worn)
 r - a +2 chain mail of fire resistance (worn)
Wands
 n - a wand of flame (9)
 p - a wand of quicksilver (6)
Potions
 b - 2 potions of brilliance
 f - 4 potions of curing
 i - a potion of berserk rage {unknown}
 j - a potion of resistance
 k - a potion of magic
 l - 2 potions of mutation


   Skills:
 + Level 3.0 Fighting
 * Level 4.0 Long Blades
 - Level 1.7 Throwing
 * Level 2.6 Armour
 + Level 3.4 Dodging
 + Level 0.8 Evocations


You had 4 spell levels left.
You didn't know any spells.
Your spell library was empty.

Dungeon Overview and Level Annotations

Branches:
Dungeon (4/15)
 Temple: D:4-7

Altars:

Shops:
D:2 ?   D:3 :


Innate Abilities, Weirdness & Mutations

You have a somewhat thin skeletal structure. (Dex +2, Stealth+)
You have a tail ending in a sharp stinger.


Message History

Your tail-slap misses the orc priest.
The orc priest is severely wounded.
The orc hits you with a +0 flail. The orc priest barely misses you.
The endoplasm freezes you.
You are frozen.
The orc hits you but does no damage.
The orc priest hits you with a +0 short sword.
The endoplasm closely misses you.
You are too injured to fight recklessly!
You are too injured to fight recklessly!
You are too injured to fight recklessly!
You are too injured to fight recklessly!
You are too injured to fight recklessly!
You are too injured to fight recklessly!
You are too injured to fight recklessly!
You are too injured to fight recklessly!
You are too injured to fight recklessly!
You are too injured to fight recklessly!
You are too injured to fight recklessly!
You are too injured to fight recklessly!
You are too injured to fight recklessly!
You are too injured to fight recklessly!
The endoplasm attacks as you move away! The endoplasm barely misses you.
The orc attacks as you move away! The orc hits you but does no damage.
The orc priest hits you but does no damage.
You hit the orc priest. You drain the orc priest.
You kill the orc priest!
The orc hits you but does no damage. The orc closely misses you.
The orc priest miscasts a cantrip.
Your Fighting skill increases to level 3!
You hit the orc but do no damage. You drain the orc.
The orc is heavily wounded.
The orc barely misses you. The orc hits you with a +0 flail.
* * * LOW HITPOINT WARNING * * *
The endoplasm completely misses you.
You hit the orc but do no damage. You drain the orc.
The orc is moderately wounded.
The endoplasm closely misses you. The orc hits you but does no damage.
The orc priest calls down the wrath of Beogh upon you.
Beogh smites you!
You die...

###....... ..#
##########.#..##..##...#
.........$....#........#
......⌠.⌠....#........##
####......##.#..........
#.....⌠.⌠.#.............
#......o.(..............
####..o..#....<.........
#...J@o##.............
..)....#.................
###....##.##..........#..
#..... ####..........#
....... ####........#
#...... ######...#
.....## ##.#.. ###.. ..


You could see an orc priest, 2 orcs and an endoplasm.

Vanquished Creatures
  An orc priest (D:4)
  Crazy Yiuf (D:2)
  Jessica (D:3)
  Terence (D:3)
  4 gnolls (D:3)
  4 adders
  A worm (D:3)
  A dart slug (D:1)
  An orc (D:3)
  3 bats
  4 endoplasms
  3 giant cockroaches
  5 goblins
  A hobgoblin (D:1)
  4 jackals (D:2)
  A quokka (D:3)
  3 ball pythons
  A frilled lizard (D:1)
  4 kobolds
  10 rats
54 creatures vanquished.

Notes
Turn   | Place    | Note
-------+----------+-------------------------------------------
     0 | D:1      | timneilson the Demonspawn Gladiator began the quest for the
                  | Orb.
     0 | D:1      | Reached XP level 1. HP: 16/16 MP: 1/1
   142 | D:1      | Gained mutation: You have a small tail. [demonic ancestry]
   142 | D:1      | Reached XP level 2. HP: 8/22 MP: 2/2
   273 | D:1      | Reached skill level 3 in Long Blades
   305 | D:1      | Reached skill level 1 in Armour
   524 | D:1      | Found a faded altar of an unknown god.
   765 | D:2      | Reached XP level 3. HP: 27/27 MP: 3/3
   794 | D:2      | Found Turphohe's Magic Scroll Shoppe.
  1243 | D:2      | Found a runed translucent door.
  1244 | D:2      | Noticed Crazy Yiuf
  1429 | D:2      | Killed Crazy Yiuf
  1430 | D:2      | Gained mutation: You have a somewhat thin skeletal
                  | structure. (Dex +2, Stealth+) [demonic ancestry]
  1430 | D:2      | Reached XP level 4. HP: 25/34 MP: 4/4
  1476 | D:3      | Found Dazuzoka's Book Emporium.
  1556 | D:3      | Noticed Jessica
  1564 | D:3      | Killed Jessica
  1831 | D:3      | Gained mutation: You have a tail ending in a sharp stinger.
                  | [demonic ancestry]
  1831 | D:3      | Reached XP level 5. HP: 37/39 MP: 5/5
  1881 | D:3      | Noticed Terence
  1901 | D:3      | Killed Terence
  2108 | D:3      | Reached skill level 4 in Long Blades
  2152 | D:4      | Found Rachiv's Antique Armour Shoppe.
  2185 | D:4      | Killed from afar by an orc priest

Illustrated notes

Levels and vault maps discovered:
D:1:      dpeg_arrival_brainrot, layout_basic, shapermc_ecumenical_altar_pompeii
D:2:      layout_rooms, serial_shops, shop, uniq_crazy_yiuf_cottage
D:3:      minmay_roachtagon, layout_loops_cross, serial_shops,
          nicolae_shop_behind_doors, kennysheep_generic_room_12, uniq_jessica,
          uniq_sigmund, uniq_grinder, uniq_terence
D:4:      minmay_bubble_buster, layout_cave_pools, serial_shops,
          nicolae_diamond_shop, nicolae_shop_hallway_plus,
          nicolae_shop_statue_plus, shop, shop_fountains, grunt_ministairs_12,
          hangedman_abyss_or_decor_stagger, st_stairs_7, minmay_misc_feat_roman

Skill      XL: |  1  2  3  4  5 |
---------------+----------------+-----
Long Blades    | 3 4 |  4.0
Armour         | 1 2 |  2.6
Dodging        | 3 |  3.4
Fighting       | 3 |  3.0
Throwing       | |  1.7
Evocations     | |  0.8

Action                   |  1- 3 |  4- 6 || total
-------------------------+-------+-------++-------
Melee: Long sword        |   100 |    64 ||   164
       Tailslap          |     7 |     7 ||    14
       Punch             |       |     1 ||     1
  Use: Scroll            |     9 |     3 ||    12
Armor: Leather armour    |    15 |       ||    15
       Scale mail        |    31 |    20 ||    51
       Chain mail        |       |    21 ||    21
Dodge: Dodged            |    77 |    45 ||   122

Table legend: (Time is in decaauts)
 A = Elapsed time spent in this place.
 B = Non-inter-level travel time spent in this place.
 C = Inter-level travel time spent in this place.
 D = Time resting spent in this place.
 E = Time spent auto-exploring this place.
 F = Levels seen in this place.
 G = Mean time per level.
                   A        B        C        D        E       F      G
               +--------+--------+--------+--------+--------+-----+--------+
         Total |   2227 |   2168 |     59 |     51 |   1571 |   4 |  556.8 |
       Dungeon |   2227 |   2168 |     59 |     51 |   1571 |   4 |  556.8 |
               +--------+--------+--------+--------+--------+-----+--------+

Top non-repeatable levels by time:
     D:1: 742 daAuts
     D:2: 739 daAuts
     D:3: 711 daAuts
     D:4: 34 daAuts
